 Dungeon Crawl Stone Soup version 0.32-a0-470-g255bbe2f98 (webtiles) character file.

Game seed: 17992001669480998164

1510132 nakedcarnage the Slayer (level 27, 241/241 HPs)
             Began as an Octopode Wanderer on Feb 25, 2024.
             Was a High Priest of Hepliaklqana.
             Escaped with the Orb
             ... and 3 runes!
             The game lasted 02:49:43 (85506 turns).

nakedcarnage the Slayer (Octopode Wanderer)        Turns: 85506, Time: 02:49:43

Health: 241/241    AC: 29    Str: 30    XL:     27
Magic:  36/36      EV: 46    Int: 22    God:    Hepliaklqana [*****.]
Gold:   672        SH: 39    Dex: 44    Spells: 25/44 levels left

rFire   + . .        A - +9 demon trident (freeze)
rCold   + . .        n - +10 tower shield of Ignorance {rN+ Int-4}
rNeg    + + .        c - +2 hat
rPois   ∞            D - amulet of regeneration
rElec   +            T - +6 ring of dexterity
rCorr   .            l - +6 ring of strength
SInv    .            j - +6 ring of dexterity
Will    +++..        b - +6 ring of dexterity
Stlth   ++           g - ring of Sakysuem {rF+ Str+8 Int+6 Dex-5}
HPRegen 1.40/turn    R - +6 ring of dexterity
MPRegen 0.25/turn    W - ring of the Tick {Ice Fly Will+ Dex+2}
                     r - ring of Prescription {rF+ Dex+6}

%: no passive effects
@: statue-form, flying, studying Throwing, very slow
A: slow and powerful, torment resistance 1, boosted hp, reduced essence, almost
no armour, amphibious, 8 rings, camouflage 1, (gelatinous body 1), (nimble
swimmer 1), tentacles
0: Orb of Zot
}: 3/15 runes: decaying, serpentine, silver
a: Begin Untransformation, Renounce Religion, Recall Ancestor, Ancestor
Identity, Transference, Idealise


You escaped.
You worshipped Hepliaklqana.
Hepliaklqana was extremely pleased with you.
You were a living statue of rough stone.
You visited 10 branches of the dungeon, and saw 48 of its levels.
You visited 2 bazaars.
You also visited: Ice Cave, Volcano and Desolation.

You collected 7237 gold pieces.
You spent 6565 gold pieces at shops.

Inventory:

Hand Weapons
 p - the +11 trident "Giopsi Urpho" {freeze, rF+ Str+4}
   (You bought it in a shop on level 2 of the Orcish Mines)

   Str+4:     It affects your strength (+4).
   rF+:       It protects you from fire.
 x - the +6 trident "Vutwotez" {venom, rPois rC+ Will+}
   (You took it off a vault sentinel on level 5 of the Vaults)

   rC+:       It protects you from cold.
   rPois:     It protects you from poison Will+: It increases your willpower.
 A - a +9 demon trident of freezing (weapon)
 I - a +7 vampiric demon trident
Missiles
 k - 2 throwing nets {!f}
Armour
 c - a +2 hat (worn)
 n - the +10 tower shield of Ignorance (worn) {rN+ Int-4}
   (You acquired it on level 2 of the Depths)

   Int-4:     It affects your intelligence (-4).
   rN+:       It protects you from negative energy.
Jewellery
 b - a +6 ring of dexterity (on tentacle)
 e - a ring of protection from fire
 f - an amulet of faith
 g - the ring of Sakysuem (on tentacle) {rF+ Str+8 Int+6 Dex-5}
   (You took it off a deep elf death mage on level 3 of the Elven Halls)

   [ring of intelligence]

   Str+8:     It affects your strength (+8).
   Int+6:     It affects your intelligence (+6).
   Dex-5:     It affects your dexterity (-5).
   rF+:       It protects you from fire.
 i - the ring "Ussire" {rElec Str+4 SInv}
   (You found it in the Desolation of Salt)

   [ring of see invisible]

   Str+4:     It affects your strength (+4).
   rElec:     It insulates you from electricity.
   SInv:      It lets you see invisible.
 j - a +6 ring of dexterity (on tentacle)
 l - a +6 ring of strength (right tentacle)
 o - a ring of resist corrosion
 r - the ring of Prescription (on tentacle) {rF+ Dex+6}
   (You bought it in a shop on level 2 of the Snake Pit)

   [ring of protection from fire]

   Dex+6:     It affects your dexterity (+6).
   rF+:       It protects you from fire.
 t - a ring of protection from fire
 y - a ring of protection from cold
 D - an amulet of regeneration (around mantle)
 L - a +4 ring of protection
 M - a +4 ring of slaying
 P - the ring "Vobail" {rF++ Int-4 Dex+6}
   (You bought it in a shop in a bazaar)

   [ring of dexterity]

   Int-4:     It affects your intelligence (-4).
   Dex+6:     It affects your dexterity (+6).
   rF++:      It greatly protects you from fire.
 R - a +6 ring of dexterity (on tentacle)
 T - a +6 ring of dexterity (left tentacle)
 V - the ring "Loilujit" {rPois Int+4}
   (You found it in the Desolation of Salt)

   [ring of poison resistance]

   Int+4:     It affects your intelligence (+4).
   rPois:     It protects you from poison
 W - the ring of the Tick (on tentacle) {Ice Fly Will+ Dex+2}
   (You acquired it on level 12 of the Dungeon)

   [ring of ice]

   Ice:       It enhances your ice magic.
   Dex+2:     It affects your dexterity (+2).
   rF-:       It makes you vulnerable to fire.
   rC+:       It protects you from cold.
   Will+:     It increases your willpower.
   Fly:       It grants you flight.
Talismans
 J - the granite talisman of Distant Shores (active) {Str+2}
   (You found it on level 1 of the Depths)

   [granite talisman]

   Str+2:     It affects your strength (+2).
Wands
 G - a wand of digging (5) {@v3}
 K - a wand of roots (41)
 O - a wand of acid (34) {@v1}
 Q - a wand of charming (33)
Scrolls
 h - 5 scrolls of blinking {@r4}
 m - 16 scrolls of teleportation {@r3}
 v - 2 scrolls of fear
 C - 2 scrolls of silence
 U - 7 scrolls of summoning
 Y - 6 scrolls of fog
Potions
 q - 5 potions of lignification
 s - 6 potions of might {@q3}
 u - 7 potions of enlightenment
 w - a potion of cancellation
 z - 19 potions of curing {@q1}
 B - 16 potions of heal wounds {@q2}
 E - 4 potions of magic
 F - 8 potions of ambrosia
 H - 4 potions of invisibility
 N - 9 potions of haste {@q4}
 S - 6 potions of resistance {@q5}
 X - 8 potions of mutation
Miscellaneous
 a - a sack of spiders
 d - a phantom mirror
 Z - a phial of floods


   Skills:
 - Level 22.0 Fighting
 - Level 6.5 Long Blades
 * Level 19.1 Polearms
 + Level 20.4 Dodging
 - Level 4.0 Stealth
 - Level 19.0 Shields
 - Level 9.0 Spellcasting
 - Level 4.0 Conjurations
 - Level 10.2 Summonings
 - Level 10.0 Translocations
 - Level 10.0 Air Magic
 - Level 6.0 Earth Magic
 - Level 3.2 Alchemy
 - Level 10.0 Invocations
 + Level 9.6 Evocations
 - Level 16.0 Shapeshifting


You had 25 spell levels left.
You knew the following spells:

 Your Spells              Type           Power      Damage    Failure   Level
a - Passage of Golubria   Tloc           52%        N/A       1%          4
b - Apportation           Tloc           100%       N/A       1%          1
c - Passwall              Erth           36%        N/A       2%          3
d - Vhi's Electric Charg  Tloc/Air       100%       N/A       1%          4
f - Blink                 Tloc           100%       N/A       1%          2
g - Lesser Beckoning      Tloc           100%       N/A       1%          2
h - Swiftness             Air            52%        N/A       1%          3

Your spell library contained the following spells:

 Spells                   Type           Power      Damage    Failure   Level
 Magic Dart               Conj           100%       1d8       1%          1
 Shock                    Conj/Air       100%       1d9       1%          1
 Summon Small Mammal      Summ           100%       N/A       1%          1
 Call Imp                 Summ           100%       N/A       1%          2
 Mercury Vapours          Alch/Air       78%        N/A       1%          2
 Momentum Strike          Conj/Tloc      80%        3d10      1%          2
 Call Canine Familiar     Summ           53%        N/A       1%          3
 Gell's Gravitas          Tloc           52%        N/A       1%          3
 Teleport Other           Tloc           52%        N/A       1%          3
 Airstrike                Air            26%        2d(4-20)  1%          4
 Sting                    Conj/Alch      100%       1d9       2%          1
 Cigotuvi's Dreadful Rot  Necr/Alch/Air  58%        N/A       2%          2
 Searing Ray              Conj           54%        2d6       3%          2
 Mephitic Cloud           Conj/Alch/Air  35%        N/A       3%          3
 Foxfire                  Conj/Fire      72%        2x1d7     4%          1
 Stone Arrow              Conj/Erth      62%        3d10      4%          3
 Summon Ice Beast         Ice/Summ       48%        N/A       4%          3
 Volatile Blastmotes      Fire/Tloc      62%        2d15      4%          3
 Iskenderun's Mystic Bla  Conj/Tloc      40%        2d9       6%          4
 Freeze                   Ice            56%        1d7       11%         1
 Necrotise                Necr           36%        1d5       11%         1
 Martyr's Knell           Necr/Summ      32%        N/A       13%         4
 Summon Blazeheart Golem  Fire/Summ      32%        N/A       13%         4
 Dazzling Flash           Conj/Hex       36%        N/A       14%         3
 Hailstorm                Conj/Ice       28%        3d8       14%         3
 Brom's Barrelling Bould  Conj/Erth      31%        2d5       14%         4
 Dimensional Bullseye     Hex/Tloc       15%        N/A       14%         4
 Ensorcelled Hibernation  Hex/Ice        28%        N/A       16%         2
 Jinxbite                 Hex            18%        N/A       16%         2
 Scorch                   Fire           18%        2d5       16%         2
 Leda's Liquefaction      Alch/Erth      15%        N/A       16%         4
 Petrify                  Alch/Erth      30%        N/A       16%         4
 Arcjolt                  Conj/Air       20%        1d30      17%         5
 Fulminant Prism          Conj/Alch      12%        3d8       24%         4
 Lee's Rapid Deconstruct  Erth           18%        3d11*     26%         5
 Summon Cactus Giant      Summ           26%        N/A       26%         6
 Olgreb's Toxic Radiance  Alch           24%        N/A       28%         4
 Frozen Ramparts          Ice            28%        1d5       32%         3
 Fugue of the Fallen      Necr           9%         N/A       32%         3
 Inner Flame              Hex/Fire       9%         N/A       32%         3
 Sigil of Binding         Hex            9%         N/A       32%         3
 Silence                  Hex/Air        15%        N/A       36%         5
 Freezing Cloud           Conj/Ice/Air   22%        6-21      41%         5
 Flame Wave               Conj/Fire      18%        2d7       43%         4
 Ignite Poison            Fire/Alch      17%        N/A       50%         4
 Sticky Flame             Fire/Alch      17%        2d5       50%         4
 Iskenderun's Battlesphe  Conj           27%        2d8       50%         5
 Irradiate                Conj/Alch      12%        3d15      56%         5
 Alistair's Intoxication  Alch           16%        N/A       61%         5
 Conjure Ball Lightning   Conj/Air       20%        3x3d6     67%         6
 Anguish                  Hex/Necr       4%         N/A       71%         4
 Animate Dead             Necr           9%         N/A       71%         4
 Cause Fear               Hex            4%         N/A       71%         4
 Dispel Undead            Necr           9%         3d8       71%         4
 Fireball                 Conj/Fire      9%         3d6       78%         5
 Summon Hydra             Summ           26%        N/A       80%         7
 Yara's Violent Unravell  Hex/Alch       8%         3d5       83%         5
 Bombard                  Conj/Erth      15%        9d3       91%         6
 Plasma Beam              Fire/Air       15%        2x1d27    91%         6
 Curse of Agony           Necr           9%         N/A       96%         5
 Metabolic Englaciation   Hex/Ice        7%         N/A       96%         5
 Spellforged Servitor     Conj/Summ      20%        N/A       99%         7
 Death Channel            Necr           4%         N/A       100%        6
 Sculpt Simulacrum        Ice/Alch       12%        N/A       100%        6
 Starburst                Conj/Fire      9%         6d5       100%        6
 Enfeeble                 Hex            4%         N/A       100%        7
 Haunt                    Necr/Summ      16%        N/A       100%        7
 Orb of Destruction       Conj           13%        9d7       100%        7
 Ozocubu's Refrigeration  Ice            7%         4d9       100%        7
 Discord                  Hex            4%         N/A       100%        8
 Disjunction              Tloc           26%        N/A       100%        8
 Ignition                 Fire           4%         3d4       100%        8
 Lehudib's Crystal Spear  Conj/Erth      15%        10d5      100%        8
 Chain Lightning          Conj/Air       20%        3d26      100%        9
 Fire Storm               Conj/Fire      9%         8d2       100%        9
 Shatter                  Erth           18%        3d17*     100%        9
 Animate Armour           Summ/Erth      Unusable   N/A       N/A         4
 Sublimation of Blood     Necr           Unusable   N/A       N/A         2

Dungeon Overview and Level Annotations

Branches:
Dungeon (15/15)            Temple (1/1) D:4            Lair (5/5) D:9
  Swamp (4/4) Lair:2        Snake (4/4) Lair:3        Slime (0/5) Lair:4
    Orc (2/2) D:9             Elf (3/3) Orc:2        Vaults (5/5) D:13
  Crypt (0/3) Vaults:2     Depths (4/4) D:15            Zot (5/5) Depths:4
  IceCv (visited)         Volcano (visited)         Desolation (visited)

Altars:
Ashenzari
Cheibriados
Dithmenos
Elyvilon
Fedhas
Gozag
Hepliaklqana
Kikubaaqudgha
Makhleb
Nemelex Xobeh
Okawaru
Qazlal
Ru
Sif Muna
Trog
Uskayaw
Vehumet
Wu Jian
Xom
Yredelemnul
Zin
The Shining One
Beogh
Jiyva

Shops:
D:1 (   D:13 =   D:15 ?   Orc:2 ((?*   Elf:1 **   Elf:2 (   Snake:1 (
Snake:2 (=:=   Vaults:1 :   Vaults:3 !   Vaults:5 ((

Portals:
Hell: Depths:1 Depths:2 Depths:3 Depths:4
Abyss: Depths:2 Depths:3
Pandemonium: Depths:2 Depths:3
Ziggurat: Depths:3
Trove: D:13 (give +6 demon whip)

Annotations:
D:8 exclusion: downstairs
D:9 1 exclusion
D:15 6 transporters
Lair:4 exclusion: downstairs
Depths:3 1 exclusion
Depths:4 2 runed translucent doors, 1 exclusion, Xiaz's ghost, veteran KoBr
Zot:4 1 exclusion


Innate Abilities, Weirdness & Mutations

You are a living statue of rough stone.
Your actions are slow, but your melee attacks are powerful.
You are resistant to unholy torment.
Your maximum health is greatly increased.
Your life essence is reduced to manifest your ancestor. (-10% HP)
You cannot wear most types of armour.
You are amphibious.
You can wear up to eight rings at the same time.
You are immune to poison.
Your skin changes colour to match your surroundings (Stealth+).
((Your rubbery body absorbs attacks. (AC +1, EV +1)))
((You are camouflaged when in or above water. (Stealth+)))
You have tentacles for arms and can constrict up to eight enemies at once.


Message History

You block the ufetubus's attack. x2
You block the ufetubus's attack. x2
Aiming: Dig
Press: ? - help, Shift-Dir - straight line A rock wall.
This square is covered in magical glow.
The rock shatters into small pieces.
You block the orange demon's attack. You block the ufetubus's attack. x2
Xynlau Xoosch fires a harpoon shot at you.
You block the harpoon shot. The ufetubus attacks as it pursues you!
You block the ufetubus's attack. x2
The ufetubus slips past you! You block the ufetubus's attack. x2
Blink to where?
Press: ? - help, Dir - move target
As you read the scroll of blinking {@r4}, it crumbles to dust.
There is an escape hatch in the ceiling here.
A mysterious force pulls you upwards. The hatch slams shut behind you.
There is a stone staircase leading up here.
You fly upwards.
There is a stone staircase leading down here.
What level of the Dungeon? (default 5, ? - help)
Your extra speed is starting to run out.
You feel yourself slow down.
You see here a +0 whip.
An Orb Guardian comes into view.
There is a stone staircase leading up here.
You block the Orb Guardian's attack.
You fly upwards.
There is a stone staircase leading down here.
What level of the Dungeon? (default 1, ? - help)
There is a stone staircase leading up here.
You fly upwards.
There is a stone staircase leading down here.
There is a stone staircase leading up here.
You fly upwards.
There is a stone staircase leading down here.
You see here a bat skeleton.
There is an open door here.
There is a staircase leading out of the dungeon here.
You have escaped!

.##########.###..##.#.#.#######..
.# #.# ##.##.#.#.# #.. .# #.#
#'##.#.#.# #.. .# #.# #.##.#.#.#
#.. .# #.# #.##.#...# #.. .#
###.# #.##.###########.. .# #...#
##.##.............. .#
#.#####...##############. .#
#.+.....I.....'.......... .#
#.##.........##..######## .#
#.###.......####.# .# ##.#
##.....## #.# .# #..# ##...## #.#
.# #.## ##.## #.######## .# #.#
#########.#....... .# #.#
#.........#....... .# #.#
#.#######.#....÷..


There were no monsters in sight!

Vanquished Creatures
  Frederick (Vaults:4)
  An ancient lich (Zot:5)
  An orb of fire (Zot:5)
  4 dread liches
  2 juggernauts (Depths:2)
  8 Killer Klowns
  Saint Roka (Vaults:5)
  A caustic shrike (Depths:2)
  3 golden dragons
  Nikola (Swamp:2)
  A bone dragon (Depths:4)
  2 electric golems
  A hellephant (Vaults:5)
  18 Orb Guardians
  8 tentacled monstrosities
  An Ice Fiend (D:7)
  A walking earthen tome (Depths:2)
  A lich (Depths:2)
  3 titans
  5 sphinxes
  2 deep elf master archers (Elf:3)
  4 quicksilver dragons
  10 storm dragons
  5 death cobs
  A thorn hunter (Swamp:4)
  2 shadow dragons
  2 protean progenitors (Zot:2)
  5 tengu reavers
  2 nagarajas
  A draconian monk (Zot:4)
  Aizul (Snake:2)
  2 draconian shifters
  8 draconian knights
  2 fire giants (Depths:3)
  A balrug (Depths:1)
  An imperial myrmidon (Desolation)
  11 frost giants
  An iron dragon (Depths:2)
  3 draconian scorchers (Zot:2)
  3 deep elf elementalists (Elf:3)
  8 deep elf sorcerers (Elf:3)
  5 vault wardens
  3 draconian stormcallers
  Louise (D:15)
  9 ironbound preservers
  2 ghost moths
  A reaper (Depths:3)
  2 spriggan defenders
  9 very ugly things
  17 stone giants
  4 green draconians
  2 ironbound thunderhulks
  3 eleionomae
  6 deep elf demonologists
  4 dire elephants
  4 deep elf death magi
  4 black draconians
  4 bunyips
  8 deep elf annihilators (Elf:3)
  Nessos (D:15)
  9 purple draconians
  4 red draconians
  6 yellow draconians
  2 war gargoyles
  4 spark wasps
  2 halazid warlocks (Desolation)
  12 white draconians
  2 crystal guardians (Desolation)
  2 merfolk javelineers (Depths:2)
  7 ettins
  A green death (Zot:1)
  4 deep elf high priests
  3 entropy weavers
  8 ragged hierophants (Desolation)
  2 fire dragons
  2 salamander tyrants
  A hell beast (Depths:3)
  7 ice dragons
  3 rakshasas
  6 hydras
  7 yaktaur captains
  2 servants of whispers (Desolation)
  3 great orbs of eyes
  5 ghost crabs
  3 peacekeepers
  20 vault guards
  9 ironbound frosthearts
  7 naga warriors
  8 alligators
  2 ogre magi
  3 spriggan air magi
  2 boulder beetles
  16 centaur warriors
  6 anacondas
  3 death yaks (Lair:5)
  9 two-headed ogres
  20 dancing weapons
  A merfolk avatar (Lair:5)
  A two-headed ogre (shapeshifter) (Depths:1)
  A deep troll shaman (Depths:3)
  2 tengu warriors
  5 hell hogs
  Urug (D:11)
  3 orc high priests (Orc:2)
  2 occultists
  2 shock serpents (Snake:4)
  4 naga sharpshooters
  5 spriggan berserkers
  A titan zombie (Vaults:4)
  6 hell knights
  A soul eater (Depths:4)
  A sun demon (Depths:3)
  18 deep elf knights
  2 salamander mystics
  3 spriggans
  4 skysharks
  3 iron trolls
  A sixfirhy (Depths:3)
  4 sea snakes
  2 goliath frogs
  A spark wasp zombie (D:15)
  A storm dragon skeleton (Vaults:4)
  A spriggan druid (Swamp:1)
  34 deep trolls
  A sun moth (shapeshifter) (Depths:2)
  5 glowing orange brains
  A flayed ghost (Depths:1)
  9 mana vipers
  6 deep elf archers
  5 arcanists
  2 bog bodies
  3 phantasmal warriors
  4 lindwurms
  A swamp dragon (Swamp:3)
  5 naga ritualists
  7 orc knights
  An orange crystal statue (IceCv)
  11 ironbound convokers
  24 deep elf zephyrmancers
  3 harpies (Vaults:1)
  17 deep elf pyromancers
  2 harpies (shapeshifter)
  24 ugly things
  4 orc sorcerers
  5 manticores
  A kobold blastminer (Orc:2)
  6 moths of wrath
  2 necromancers (Vaults:5)
  8 cyclopes
  10 salamanders
  A shining eye (shapeshifter) (Vaults:5)
  11 elephants
  11 vault sentinels
  A moth of wrath (shapeshifter) (D:14)
  A toenail golem (Zot:5)
  8 meliai
  An elephant (shapeshifter) (Vaults:5)
  27 black mambas
  6 guardian serpents
  An ice statue (Vaults:2)
  2 black mambas (shapeshifter)
  3 torpor snails
  A fire giant skeleton (Vaults:3)
  A gargoyle (D:13)
  4 storm dragon simulacra (IceCv)
  5 naga magi
  2 efreet
  2 unseen horrors
  11 cane toads
  2 freezing wraiths
  A kobold demonologist (D:12)
  2 rime drakes
  4 komodo dragons
  A komodo dragon (shapeshifter) (Depths:1)
  4 golden dragon simulacra (IceCv)
  15 yaktaurs
  A hydra zombie (Swamp:1)
  A queen bee (D:14)
  6 trolls
  3 bloated husks
  7 hornets
  3 polar bears
  4 tyrant leeches
  30 saltlings (Desolation)
  8 blink frogs
  A dream sheep (shapeshifter) (Vaults:4)
  A jumping spider (Vaults:5)
  An elf zombie (Vaults:4)
  5 wraiths
  An ettin skeleton (Vaults:3)
  11 water elementals
  5 shadows
  32 slime creatures
  2 air elementals
  2 fire elementals
  4 wyverns
  6 basilisks
  22 yaks
  A hog (shapeshifter) (Elf:2)
  2 hogs (Lair:5)
  2 wargs (Orc:2)
  A redback (Vaults:5)
  7 vampire mosquitoes
  5 swamp worms
  A swamp worm simulacrum (Swamp:4)
  3 steam dragons
  10 hydra simulacra (Swamp:4)
  An acid dragon (D:10)
  A swamp worm (shapeshifter) (Vaults:5)
  18 nagas
  7 water moccasins
  2 hell hounds (D:7)
  A swamp drake (Swamp:2)
  12 orc warriors
  A black bear (D:5)
  2 ice dragon simulacra (IceCv)
  2 ice beasts (D:7)
  A human zombie (Vaults:4)
  A laughing skull (D:15)
  2 boggarts (Elf:1)
  5 wolves
  5 ogres
  8 centaurs
  10 bullfrogs
  4 kobold brigands
  4 scorpions (D:5)
  A human skeleton (Vaults:3)
  32 killer bees
  A lindwurm simulacrum (IceCv)
  7 electric eels
  A howler monkey (D:9)
  8 orc priests
  3 bombardier beetles
  2 hounds
  2 jellies
  2 gnoll boudas
  A sleepcap (D:6)
  Terence (D:3)
  Jessica (D:3)
  14 orc wizards
  4 battlemagi
  3 iguanas
  A howler monkey zombie (D:7)
  9 gnolls (D:5)
  5 adders
  A howler monkey simulacrum (D:9)
  A swamp drake simulacrum (Swamp:4)
  5 dart slugs
  38 orcs
  6 endoplasms
  5 giant cockroaches
  6 goblins
  10 hobgoblins
  5 quokkas
  8 ball pythons
  9 bats
  A frilled lizard (D:1)
  13 kobolds
  7 rats
  An aspiring flesh (Zot:2)
1334 creatures vanquished.

Vanquished Creatures (collateral kills)
  An orb of fire (Zot:5)
  A Killer Klown (Zot:5)
  Margery (Vaults:5)
  A caustic shrike (Depths:1)
  8 golden dragons
  Norris (Elf:3)
  2 electric golems
  4 tentacled monstrosities
  Jorgrun (D:15)
  A pandemonium lord (Depths:4)
  A walking earthen tome (Depths:2)
  Mlioglotl (Swamp:4)
  10 Orb Guardians
  A quicksilver dragon (Depths:1)
  A deep elf master archer (Elf:3)
  2 titans (Vaults:5)
  A walking divine tome (Depths:1)
  4 sphinxes
  5 shadow dragons
  Kirke (Lair:5)
  An ancient champion (Vaults:2)
  A thorn hunter (Swamp:3)
  7 storm dragons
  4 tengu reavers
  4 draconian knights
  A draconian monk (Zot:2)
  7 fire giants
  A fenstrider witch (Swamp:4)
  6 vault wardens
  6 nagarajas (Snake:4)
  2 deep elf sorcerers
  6 frost giants
  A draconian shifter (Zot:5)
  A draconian scorcher (Zot:4)
  2 deep elf elementalists (Elf:3)
  An iron dragon (Depths:1)
  A draconian stormcaller (Zot:2)
  An orc warlord (Vaults:3)
  7 ironbound preservers
  A reaper (Depths:1)
  A cacodemon (Depths:1)
  2 spriggan defenders
  12 very ugly things
  4 ironbound thunderhulks
  11 stone giants
  A dire elephant (Vaults:4)
  3 formless jellyfish
  3 vampire knights
  2 eleionomae
  A black draconian (Zot:2)
  5 deep elf annihilators
  4 purple draconians
  3 deep elf death magi
  5 yellow draconians
  A green draconian (Depths:4)
  4 red draconians
  6 white draconians
  A spark wasp (Depths:2)
  5 bunyips
  2 yaktaur captains
  3 ettins
  2 crystal guardians
  6 fire dragons
  A jiangshi (Vaults:2)
  A merfolk javelineer (Depths:2)
  4 deep elf high priests
  3 hydras
  4 great orbs of eyes
  A hell beast (D:14)
  11 vault guards
  3 ragged hierophants (Desolation)
  2 rakshasas
  4 servants of whispers (Desolation)
  An ogre mage (Vaults:5)
  A salamander tyrant (Snake:4)
  6 ironbound frosthearts
  A spriggan air mage (Depths:2)
  7 peacekeepers (Desolation)
  3 alligators
  7 ice dragons
  5 anacondas
  2 death knights (D:14)
  5 dancing weapons
  6 centaur warriors
  7 two-headed ogres
  2 boulder beetles
  3 tengu warriors
  2 deep troll earth magi
  3 hell hogs
  A deep troll shaman (Depths:2)
  3 death yaks
  3 naga warriors
  2 hell knights (Vaults:4)
  8 spriggan berserkers
  A vampire mage (D:15)
  A shock serpent (Snake:4)
  5 naga sharpshooters (Snake:4)
  An iron troll (Depths:2)
  5 deep elf knights
  3 skeletal warriors (D:15)
  2 skysharks
  2 goliath frogs (Swamp:2)
  A flayed ghost (Depths:2)
  A shining eye (shapeshifter) (D:14)
  3 mana vipers (Snake:1)
  5 sea snakes (Snake:4)
  2 bog bodies
  17 deep trolls
  A glowing orange brain (Vaults:4)
  2 swamp dragons
  3 phantasmal warriors
  7 ironbound convokers
  An orange crystal statue (Zot:5)
  2 naga ritualists (Snake:2)
  A deep elf archer (Elf:3)
  A steelbarb worm (shapeshifter) (Vaults:5)
  5 deep elf pyromancers
  3 necromancers
  16 deep elf zephyrmancers
  A large abomination (Depths:4)
  3 lindwurms
  3 orc knights
  4 orc sorcerers
  2 harpies
  10 ugly things
  9 salamanders
  4 moths of wrath
  4 cyclopes
  2 will-o-the-wisps (Swamp:3)
  3 manticores
  3 meliai
  A meliai (shapeshifter) (Elf:2)
  8 elephants
  9 naga magi
  9 vault sentinels
  4 guardian serpents
  13 black mambas
  2 kobold blastminers (Orc:2)
  A hellion (Zot:4)
  3 orange demons (Depths:1)
  A smoke demon (D:15)
  A storm dragon simulacrum (IceCv)
  4 cane toads
  A kobold demonologist (D:12)
  4 komodo dragons
  5 yaktaurs
  A tengu conjurer (Depths:1)
  3 rime drakes
  5 freezing wraiths
  2 tormentors
  A hydra zombie (Swamp:1)
  4 tyrant leeches
  4 trolls
  A queen bee (Lair:3)
  7 hornets
  Grinder (D:3)
  A tarantella (shapeshifter) (Depths:1)
  A raiju (shapeshifter) (D:11)
  3 glass eyes
  30 saltlings (Desolation)
  8 blink frogs
  31 slime creatures
  A spriggan skeleton (D:15)
  3 wyverns
  6 water elementals
  An air elemental (Elf:2)
  2 wraiths
  3 spriggans (Depths:3)
  A vampire (D:11)
  A shadow (D:12)
  3 basilisks
  26 yaks
  A human (D:13)
  A steam dragon (Lair:5)
  4 swamp worm simulacra (Swamp:4)
  A fire elemental (Elf:1)
  A redback (Vaults:1)
  6 vampire mosquitoes
  13 nagas
  7 swamp worms
  3 acid dragons
  2 hell hounds (D:7)
  3 swamp drakes (Swamp:2)
  3 water moccasins
  14 orc warriors
  2 hydra simulacra (Swamp:4)
  Pargi (D:4)
  2 laughing skulls
  6 ice dragon simulacra (IceCv)
  A human zombie (Vaults:3)
  An ice beast (D:7)
  2 sky beasts
  A wolf (Lair:3)
  3 ogres
  7 centaurs
  4 kobold brigands
  7 bullfrogs
  An earth elemental (Elf:3)
  A gnoll sergeant (D:9)
  A wyvern zombie (D:7)
  12 wights
  24 killer bees
  3 lindwurm simulacra (IceCv)
  An electric eel (D:5)
  3 howler monkeys (D:9)
  2 jellies
  8 orc priests
  A hound (D:7)
  Crazy Yiuf (D:7)
  An iguana (D:9)
  27 orc wizards
  A killer bee zombie (D:7)
  A howler monkey zombie (D:7)
  A river rat (D:6)
  2 swamp drake simulacra (Swamp:4)
  A ribbon worm (D:9)
  43 orcs
  A goblin (D:4)
  2 hobgoblins (D:9)
  12 kobolds
909 creatures vanquished.

Vanquished Creatures (others)
  A golden dragon (Zot:2)
  2 fire giants
  A white draconian (Depths:4)
  A vampire knight (Depths:2)
  A bloated husk (Swamp:1)
  A saltling (Desolation)
  A human (Lair:5)
  A vampire mosquito (D:12)
  A swamp worm (Swamp:4)
  A hydra simulacrum (Swamp:4)
  68 battlemagi
  An orc (Orc:2)
  2 foxfires (Swamp:3)
82 creatures vanquished.

Grand Total: 2325 creatures vanquished

Notes
Turn   | Place    | Note
-------+----------+-------------------------------------------
     0 | D:1      | nakedcarnage the Octopode Wanderer began the quest for the
                  | Orb.
     0 | D:1      | nakedcarnage set off with the following items: a +0 dagger,
                  | a potion of berserk rage, a +0 hat; and the following
                  | spells available to memorise: Apportation, Sting, Gell's
                  | Gravitas, Mephitic Cloud, Sticky Flame.
     0 | D:1      | Reached XP level 1. HP: 11/11 MP: 3/3
     2 | D:1      | Learned a level 1 spell: Sting
     4 | D:1      | Learned a level 1 spell: Apportation
   225 | D:1      | Found Nosy's Antique Weapon Emporium.
   238 | D:1      | Reached skill level 1 in Fighting
   238 | D:1      | Reached XP level 2. HP: 16/18 MP: 0/5
   690 | D:1      | Reached skill level 1 in Dodging
   697 | D:1      | Reached skill level 1 in Conjurations
   716 | D:1      | Reached XP level 3. HP: 24/24 MP: 2/6
   720 | D:1      | Learned a level 3 spell: Mephitic Cloud
  1489 | D:2      | Reached skill level 2 in Fighting
  1631 | D:2      | Found a faded altar of an unknown god.
  1864 | D:2      | Reached XP level 4. HP: 29/29 MP: 4/7
  2495 | D:3      | Reached skill level 1 in Air Magic
  2569 | D:3      | Noticed Jessica
  2582 | D:3      | Killed Jessica
  2623 | D:3      | Reached XP level 5. HP: 36/36 MP: 2/8
  2652 | D:3      | Reached skill level 3 in Fighting
  2731 | D:3      | Noticed Grinder
  2850 | D:3      | Noticed Terence
  2971 | D:4      | Found a staircase to the Ecumenical Temple.
  2977 | Temple   | Entered the Ecumenical Temple
  2990 | Temple   | Became a worshipper of Hepliaklqana the Forgotten
  3066 | D:4      | Noticed Pargi
  3428 | D:4      | Learned a level 3 spell: Call Canine Familiar
  3429 | D:5      | Entered Level 5 of the Dungeon
  3446 | D:5      | Reached XP level 6. HP: 42/42 MP: 6/9
  3462 | D:5      | Reached skill level 4 in Fighting
  3778 | D:5      | Reached skill level 1 in Summonings
  4046 | D:5      | Reached XP level 7. HP: 49/49 MP: 1/10
  4809 | D:5      | Found a snail-covered altar of Cheibriados.
  4855 | D:5      | Reached skill level 5 in Fighting
  4901 | D:5      | Reached * piety under Hepliaklqana
  5228 | D:6      | Learned a level 2 spell: Call Imp
  5258 | D:6      | Reached XP level 8. HP: 32/49 MP: 11/11
  6022 | D:6      | Reached ** piety under Hepliaklqana
  6023 | D:6      | Remembered your ancestor Ymysit as a battlemage
  6550 | D:7      | Reached skill level 6 in Fighting
  6728 | D:7      | Reached skill level 5 in Summonings
  6728 | D:7      | Reached XP level 9. HP: 50/56 MP: 6/13
  6733 | D:7      | Reached skill level 7 in Fighting
  6738 | D:7      | Identified the +8 quarterstaff of Impatience {pain, Fly rF+
                  | Int+4}
  7139 | D:7      | Reached skill level 5 in Dodging
  7290 | D:7      | Reached skill level 8 in Fighting
  7806 | D:7      | Found a runed translucent door.
  7807 | D:7      | Noticed Crazy Yiuf
  7817 | D:7      | Killed Crazy Yiuf
  8014 | D:3      | Killed Terence
  8421 | D:3      | Killed Grinder
  8960 | D:4      | Killed Pargi
  9070 | D:8      | Reached XP level 10. HP: 48/64 MP: 14/14
  9135 | D:8      | Paralysed by a hornet for 1 turns
  9318 | D:8      | Reached skill level 5 in Long Blades
  9342 | D:8      | Reached *** piety under Hepliaklqana
  9865 | D:8      | You are sucked into a shaft and drop 1 floor!
  9926 | D:9      | Found a staircase to the Lair.
 10178 | D:9      | Noticed a manticore
 10182 | D:9      | Killed a manticore
 10183 | D:9      | Reached skill level 10 in Dodging
 10183 | D:9      | Reached XP level 11. HP: 16/69 MP: 15/15
 10236 | D:9      | Identified the +6 trident of Sapaz {freeze, Str+5}
 10322 | D:9      | Noticed a cyclops
 10326 | D:9      | Reached skill level 1 in Polearms
 10328 | D:9      | Noticed a centaur warrior
 10349 | D:9      | Killed a cyclops
 10353 | D:9      | Killed a centaur warrior
 10359 | D:9      | Reached skill level 9 in Fighting
 10530 | D:9      | Found a roughly hewn altar of Beogh.
 10530 | D:9      | Found a staircase to the Orcish Mines.
 10600 | D:9      | Noticed a red ugly thing
 10615 | D:9      | Killed a red ugly thing
 10649 | D:9      | Noticed a seven-headed hydra
 10896 | D:10     | Entered Level 10 of the Dungeon
 10896 | D:10     | Noticed a two-headed ogre
 10910 | D:10     | Killed a two-headed ogre
 10911 | D:10     | Reached skill level 5 in Polearms
 11325 | D:10     | Noticed a centaur warrior
 11337 | D:10     | Killed a centaur warrior
 11496 | D:10     | Reached XP level 12. HP: 77/77 MP: 16/16
 12025 | D:11     | Noticed a two-headed ogre
 14379 | D:11     | Noticed Urug
 14398 | D:11     | Killed Urug
 14547 | D:11     | Reached **** piety under Hepliaklqana
 14671 | D:11     | Killed a two-headed ogre
 14672 | D:11     | Reached skill level 10 in Fighting
 14931 | D:11     | Reached skill level 1 in Invocations
 15190 | D:11     | Noticed a centaur warrior
 15202 | D:11     | Killed a centaur warrior
 15203 | D:11     | Reached skill level 10 in Polearms
 15280 | D:11     | Identified the +0 sling of Ciemuk {flame, rElec rC+ Will+
                  | Stlth-}
 15280 | D:11     | Noticed a centaur warrior
 15285 | D:11     | Killed a centaur warrior
 16088 | D:11     | Noticed a two-headed ogre
 16104 | D:11     | Killed a two-headed ogre
 17152 | D:9      | Noticed a two-headed ogre
 17164 | D:9      | Killed a two-headed ogre
 17187 | D:9      | Killed a seven-headed hydra
 17188 | D:9      | Reached XP level 13. HP: 64/83 MP: 19/19
 17549 | D:9      | Reached skill level 5 in Invocations
 18517 | D:9      | Found a staircase to the Lair.
 19026 | Lair:1   | Entered Level 1 of the Lair of Beasts
 19101 | D:10     | Reached skill level 1 in Shields
 19127 | D:10     | Reached skill level 11 in Fighting
 19328 | Lair:1   | Identified the +6 shortbow "Nesuewy" {flame, rF+ Str+3}
 20034 | Lair:2   | Found a staircase to the Swamp.
 20179 | Lair:2   | Reached ***** piety under Hepliaklqana
 20689 | Lair:3   | Reached skill level 5 in Shields
 20822 | Lair:3   | Found a dark tunnel.
 20828 | Volcano  | Entered a volcano
 21262 | Lair:3   | Learned a level 2 spell: Blink
 21452 | Lair:3   | Found a staircase to the Snake Pit.
 21470 | Lair:3   | Reached XP level 14. HP: 90/90 MP: 20/20
 24471 | Lair:3   | Found a staircase to the Snake Pit.
 25189 | Lair:4   | You fall into a shaft and drop 1 floor!
 25189 | Lair:5   | Entered Level 5 of the Lair of Beasts
 25387 | Lair:5   | Noticed Kirke
 25402 | Lair:5   | Killed Kirke
 25784 | Lair:5   | Reached skill level 5 in Translocations
 26114 | Lair:4   | Reached skill level 10 in Shields
 26131 | Lair:4   | Reached skill level 5 in Spellcasting
 26646 | Lair:4   | Found a viscous altar of Jiyva.
 26648 | Lair:4   | Found a staircase to the Slime Pits.
 26906 | Lair:4   | Reached XP level 15. HP: 71/95 MP: 22/22
 27575 | Lair:5   | Reached skill level 12 in Fighting
 28336 | Lair:5   | Learned a level 2 spell: Lesser Beckoning
 29407 | D:12     | Identified the +6 spear of Hatred {heavy, rC- rN+ Int+2
                  | Dex+2}
 29661 | D:12     | Identified a scroll of acquirement
 29663 | D:12     | Acquired the ring of the Tick {Ice Fly Will+ Dex+2}
 29838 | D:12     | Identified the +6 short sword "Dedar" {venom, Will++}
 29997 | D:13     | Reached skill level 13 in Fighting
 30128 | D:13     | Found Leuq's Jewellery Boutique.
 30486 | D:13     | Found a portal to a secret trove of treasure.
 30972 | D:13     | Reached XP level 16. HP: 102/106 MP: 23/23
 31078 | D:13     | Found a gate to the Vaults.
 31087 | D:13     | Reached skill level 14 in Fighting
 31095 | D:13     | Reached skill level 1 in Evocations
 33238 | D:14     | Identified the +2 scale mail of the Endless Expanse {-Tele
                  | Int+3}
 33755 | D:14     | Identified the +8 chain mail of the Witching Gods {rElec
                  | rN+}
 33965 | D:14     | Reached skill level 5 in Evocations
 35010 | D:15     | Entered Level 15 of the Dungeon
 35119 | D:15     | Noticed Louise
 35143 | D:15     | Killed Louise
 35181 | D:15     | Found a transporter.
 35191 | D:15     | Noticed Nessos
 35213 | D:15     | Killed Nessos
 35287 | D:15     | Found a staircase to the Depths.
 35439 | D:15     | Found Hycuqimak's Magic Scroll Shop.
 35443 | D:15     | Bought a scroll of blinking for 105 gold pieces
 35443 | D:15     | Bought a scroll of summoning for 133 gold pieces
 35443 | D:15     | Bought a scroll of fog for 56 gold pieces
 35443 | D:15     | Bought a scroll of teleportation for 42 gold pieces
 35443 | D:15     | Bought a scroll of teleportation for 42 gold pieces
 35466 | D:15     | Found a transporter.
 35618 | D:15     | Found a transporter.
 35671 | D:15     | Found a transporter.
 35674 | D:15     | Found a transporter.
 35676 | D:15     | Found a transporter.
 35822 | D:15     | Noticed Jorgrun
 35904 | D:13     | Bought an amulet of guardian spirit for 540 gold pieces
 35998 | Orc:1    | Entered Level 1 of the Orcish Mines
 36169 | Orc:2    | Entered Level 2 of the Orcish Mines
 36441 | Orc:2    | Found a staircase to the Elven Halls.
 36552 | Orc:1    | Found a roughly hewn altar of Beogh.
 37932 | Orc:2    | Reached XP level 17. HP: 102/113 MP: 24/24
 38180 | Orc:2    | Found Piogh's Antique Weapon Shop.
 38180 | Orc:2    | Found Dinag's Assorted Antiques.
 38183 | Orc:2    | Found Ewetrus's Magic Scroll Shoppe.
 38183 | Orc:2    | Found Ofoala's Antique Weapon Shop.
 38189 | Orc:2    | Bought a potion of curing for 81 gold pieces
 38191 | Orc:2    | Bought a scroll of blinking for 105 gold pieces
 38247 | Elf:1    | Entered Level 1 of the Elven Halls
 38535 | Elf:1    | Reached skill level 15 in Fighting
 38919 | Elf:1    | Found Korulole's General Store.
 38919 | Elf:1    | Found Caurid's Assorted Antiques.
 39008 | Elf:1    | Paralysed by an air elemental for 1 turns
 39016 | Elf:1    | Paralysed by an air elemental for 1 turns
 39942 | Elf:2    | Found Koopefru's Antique Weapon Boutique.
 40916 | Elf:2    | Reached skill level 15 in Dodging
 41830 | Elf:2    | Found a huge runed translucent gate.
 41830 | Elf:2    | Found a huge runed translucent gate.
 41833 | Elf:2    | Found a huge runed translucent gate.
 41833 | Elf:2    | Found a huge runed translucent gate.
 41834 | Elf:2    | Found a huge runed translucent gate.
 42042 | Elf:2    | Reached ****** piety under Hepliaklqana
 42100 | Elf:3    | Entered Level 3 of the Elven Halls
 42142 | Elf:3    | Noticed Norris
 42558 | Elf:3    | Killed Norris
 43641 | Elf:3    | Reached XP level 18. HP: 120/120 MP: 25/25
 45417 | Elf:3    | Noticed a Hell Sentinel
 46160 | Elf:3    | Identified the ring of Sakysuem {rF+ Str+8 Int+6 Dex-5}
 46439 | Elf:3    | Noticed a deep elf master archer
 47135 | Elf:3    | Noticed a deep elf master archer
 47150 | Elf:3    | Killed a deep elf master archer
 47963 | Elf:3    | Killed a deep elf master archer
 47968 | Elf:3    | Noticed a deep elf master archer
 47981 | Elf:3    | Killed a deep elf master archer
 48585 | Elf:3    | Identified the +1 morningstar of the Wasteland {freeze,
                  | rElec rPois rF+}
 48702 | Elf:3    | Identified the +8 gold dragon scales of Ru's Wrath {rPois
                  | rF+ rC+ MP+9 Dex+2 Stlth+}
 48814 | Elf:3    | Reached skill level 16 in Fighting
 49041 | Elf:3    | Identified the +8 short sword "Xyl Popt" {freeze, rElec
                  | Int+4}
 49041 | Elf:3    | Identified the ring "Yxuuzam" {Fly Dex+3}
 50510 | Elf:3    | Identified the serpent talisman "Wyxemn" {Str+5}
 50661 | Elf:3    | Identified the staff "Jocaloi" {rN+ Str-4 Dex+4 Necro}
 50668 | Elf:3    | Got the Annotations on Aerial Phantasms
 51618 | Orc:2    | Bought an iridescent trident for 297 gold pieces
 51618 | Orc:2    | Identified the +11 trident "Giopsi Urpho" {freeze, rF+
                  | Str+4} (You bought it in a shop on level 2 of the Orcish
                  | Mines)
 51958 | Swamp:1  | Entered Level 1 of the Swamp
 52847 | Swamp:1  | Got Kikubaaqudgha's Encyclopedia of Reanimation Made Easy
 53239 | Swamp:2  | Found a glacial archway.
 53257 | IceCv    | Entered an ice cave
 53263 | IceCv    | Reached skill level 17 in Fighting
 53322 | IceCv    | Reached XP level 19. HP: 129/129 MP: 26/26
 54802 | IceCv    | Identified the ring of the Moon {Ice Str+4}
 55029 | Swamp:2  | Noticed Nikola
 55358 | Swamp:2  | Killed Nikola
 55790 | Swamp:3  | Reached skill level 18 in Fighting
 56082 | Swamp:3  | Noticed a tentacled monstrosity
 56088 | Swamp:3  | Killed a tentacled monstrosity
 56319 | Swamp:3  | Identified the +11 trident of Jifas {chaos, *Rage Fly rN+
                  | Str+3}
 56588 | Swamp:4  | Entered Level 4 of the Swamp
 56749 | Swamp:4  | Noticed Mlioglotl
 56816 | Swamp:4  | Killed Mlioglotl
 57631 | Swamp:4  | Got a decaying rune of Zot
 58083 | Snake:1  | Entered Level 1 of the Snake Pit
 58162 | Snake:1  | Found Fealaq's Weapon Shop.
 58375 | Snake:1  | Reached skill level 19 in Fighting
 58507 | Snake:1  | You are sucked into a shaft and drop 1 floor!
 58566 | Snake:2  | Identified the orb "Fiuvuts" {guile, Harm *Corrode rC+++
                  | Ice}
 58906 | Snake:2  | Reached XP level 20. HP: 140/140 MP: 27/27
 59537 | Snake:2  | Found Achuis's Weapon Shop.
 59537 | Snake:2  | Identified the serpent talisman of the Maze {Str+2}
 59537 | Snake:2  | Noticed Aizul
 59548 | Snake:2  | Killed Aizul
 59712 | Snake:2  | Found Xirchish's Jewellery Boutique.
 59712 | Snake:2  | Found Olyan's Book Emporium.
 59713 | Snake:2  | Found Kableka's Jewellery Boutique.
 59725 | Snake:2  | Bought the ring of Prescription {rF+ Dex+6} for 669 gold
                  | pieces
 59737 | Snake:2  | Bought an amulet of regeneration for 450 gold pieces
 59737 | Snake:2  | Bought a +4 ring of protection for 540 gold pieces
 60165 | Snake:1  | Learned a level 4 spell: Passage of Golubria
 61053 | Snake:3  | Reached skill level 20 in Fighting
 61169 | Snake:4  | Entered Level 4 of the Snake Pit
 61973 | Snake:4  | Reached skill level 15 in Shields
 62310 | Snake:4  | Reached skill level 21 in Fighting
 62525 | Snake:4  | Got a serpentine rune of Zot
 62865 | D:15     | Killed Jorgrun
 62968 | Vaults:1 | Entered Level 1 of the Vaults
 63032 | Vaults:1 | Found Cetyirghe's Book Emporium.
 63079 | Vaults:1 | Found a crumbling gateway.
 63087 | Desolati | Entered the Desolation of Salt
 63247 | Desolati | Reached XP level 21. HP: 148/152 MP: 22/28
 63317 | Desolati | Got the Volume of the Puffin
 63394 | Desolati | Reached skill level 22 in Fighting
 63612 | Desolati | Identified the +5 battleaxe "Xeolor" {flame, rF+ rN+}
 63617 | Desolati | Got the Compendium of the Adder and the Oath
 63908 | Desolati | Identified the ring "Loilujit" {rPois Int+4}
 63913 | Desolati | Identified the ring "Ussire" {rElec Str+4 SInv}
 64117 | Desolati | Got the Parchment of Bombardment
 65722 | Vaults:2 | Found a staircase to the Crypt.
 65814 | Vaults:2 | Found a flickering gateway to a bazaar.
 65851 | Bazaar   | Entered a bazaar
 65984 | Bazaar   | Found Hianim's Book Emporium.
 66003 | Bazaar   | Found Ussief's Book Boutique.
 66077 | Bazaar   | Found Goim's Book Emporium.
 66102 | Bazaar   | Found Vuwaw's Distillery.
 66110 | Bazaar   | Bought 2 potions of invisibility for 160 gold pieces
 66110 | Bazaar   | Bought a potion of heal wounds for 50 gold pieces
 66110 | Bazaar   | Bought a potion of haste for 100 gold pieces
 66110 | Bazaar   | Bought 2 potions of heal wounds for 100 gold pieces
 66110 | Bazaar   | Bought a potion of heal wounds for 50 gold pieces
 66120 | Bazaar   | Found Pinteby's Book Shoppe.
 66530 | Vaults:2 | Reached skill level 15 in Polearms
 66632 | Vaults:2 | Reached XP level 22. HP: 158/158 MP: 33/33
 67329 | Vaults:3 | Found Ohaqed's Distillery.
 67334 | Vaults:3 | Bought a potion of heal wounds for 100 gold pieces
 67334 | Vaults:3 | Bought a potion of might for 80 gold pieces
 67334 | Vaults:3 | Bought a potion of enlightenment for 100 gold pieces
 67334 | Vaults:3 | Bought a potion of heal wounds for 100 gold pieces
 67436 | Vaults:3 | Reached skill level 10 in Invocations
 68697 | Vaults:4 | Found a flickering gateway to a bazaar.
 68706 | Bazaar   | Entered a bazaar
 68706 | Bazaar   | Found Gaofyff's Antique Weapon Shoppe.
 68706 | Bazaar   | Found Xunnac's Antique Armour Shoppe.
 68706 | Bazaar   | Found Nepui's General Store.
 68816 | Bazaar   | Found Nipuy's Magic Scroll Emporium.
 68835 | Bazaar   | Found Poschas's Jewellery Boutique.
 68843 | Bazaar   | Bought the ring "Vobail" {rF++ Int-4 Dex+6} for 521 gold
                  | pieces
 68857 | Bazaar   | Bought a scroll of enchant armour for 97 gold pieces
 68857 | Bazaar   | Bought a scroll of enchant weapon for 97 gold pieces
 68857 | Bazaar   | Bought a scroll of teleportation for 39 gold pieces
 69430 | Vaults:4 | Identified the orb of Barnacled Awe {*channel, Str+3 Dex+4}
 69430 | Vaults:4 | Noticed Frederick
 69453 | Vaults:4 | Killed Frederick
 70259 | Elf:2    | Reached XP level 23. HP: 163/163 MP: 36/36
 70272 | Elf:2    | Identified the blade talisman "Ykuod" {+Blink rF+ Will+}
 70362 | Elf:2    | Reached skill level 10 in Summonings
 70491 | Elf:2    | Learned a level 6 spell: Summon Cactus Giant
 70836 | Depths:1 | Entered Level 1 of the Depths
 70900 | Depths:1 | Noticed a caustic shrike
 70904 | Depths:1 | Killed a caustic shrike
 70905 | Depths:1 | Reached skill level 1 in Shapeshifting
 70973 | Depths:1 | Identified the granite talisman of Distant Shores {Str+2}
 71050 | Depths:1 | Identified the +8 falchion of Hacris {venom, rN++ Will+}
 71089 | Depths:1 | Found a sacrificial altar of Ru.
 71133 | Depths:1 | Reached skill level 5 in Shapeshifting
 71293 | Depths:1 | Found an opulent altar of Gozag.
 71541 | Depths:1 | Found a gateway to Hell.
 72160 | Depths:2 | Noticed a golden dragon
 72172 | Depths:2 | Killed a golden dragon
 72396 | Depths:2 | Reached skill level 10 in Shapeshifting
 72746 | Depths:2 | Got the Monograph on the Fair Folk and Refrigeration
 72750 | Depths:2 | Identified the +6 broad axe of World Downfall {antimagic,
                  | rElec}
 72817 | Depths:2 | Found a one-way gate to the infinite horrors of the Abyss.
 72818 | Depths:2 | Found a one-way gate leading to the halls of Pandemonium.
 72823 | Depths:2 | Identified the orb "Fergheresk" {mayhem, Int+5}
 72910 | Depths:2 | Reached XP level 24. HP: 116/170 MP: 24/36
 73345 | Depths:2 | Acquired the +10 tower shield of Ignorance {rN+ Int-4}
 73345 | Depths:2 | Found the +10 tower shield of Ignorance {rN+ Int-4}
 73912 | Depths:2 | Noticed a juggernaut
 73936 | Depths:2 | Killed a juggernaut
 74041 | Depths:2 | Noticed a juggernaut
 74049 | Depths:2 | Killed a juggernaut
 74174 | Depths:2 | Noticed a caustic shrike
 74178 | Depths:2 | Killed a caustic shrike
 74842 | Depths:3 | Found a one-way gateway to a ziggurat.
 75601 | Depths:3 | Reached skill level 15 in Shapeshifting
 75729 | Depths:4 | Entered Level 4 of the Depths
 75797 | Depths:4 | Identified the +3 dire flail of Makhleb's Generosity
                  | {heavy, Int+3}
 76091 | Depths:4 | Found a runed translucent door.
 76091 | Depths:4 | Found a runed translucent door.
 76217 | Depths:4 | Found a gate to the Realm of Zot.
 76269 | Depths:4 | Found a runed translucent door.
 76274 | Depths:4 | Found a runed translucent door.
 76294 | Depths:4 | Found a runed translucent door.
 76298 | Depths:4 | Found a runed translucent door.
 76354 | Depths:4 | Reached XP level 25. HP: 175/175 MP: 36/36
 76533 | Depths:4 | Found a runed translucent door.
 76535 | Depths:4 | Noticed Xiaz's ghost (veteran KoBr)
 76819 | Depths:4 | Learned a level 4 spell: Vhi's Electric Charge
 77043 | D:13     | Bought a ring of protection from fire for 450 gold pieces
 77062 | D:13     | Learned a level 3 spell: Swiftness
 77210 | Elf:1    | Bought a scroll of fog for 48 gold pieces
 77302 | Orc:2    | Bought a scroll of fog for 56 gold pieces
 77394 | Elf:1    | Bought a wand of roots (3) for 302 gold pieces
 77394 | Elf:1    | Bought a potion of curing for 126 gold pieces
 77394 | Elf:1    | Bought a scroll of fear for 168 gold pieces
 77394 | Elf:1    | Bought a scroll of teleportation for 126 gold pieces
 77617 | Vaults:3 | Bought a potion of mutation for 160 gold pieces
 77617 | Vaults:3 | Bought a potion of enlightenment for 100 gold pieces
 77718 | Vaults:5 | Entered Level 5 of the Vaults
 77831 | Vaults:5 | Reached skill level 5 in Air Magic
 77925 | Vaults:5 | Identified the +6 trident "Vutwotez" {venom, rPois rC+
                  | Will+}
 77935 | Vaults:5 | Noticed a dread lich
 77958 | Vaults:5 | Paralysed by a dread lich for 4 turns
 77965 | Vaults:5 | Found Qani's Antique Weapon Boutique.
 77971 | Vaults:5 | Noticed Saint Roka
 77978 | Vaults:5 | Killed Saint Roka
 77979 | Vaults:5 | Identified the +3 leather armour of Duneutut {-Cast Harm
                  | rElec rF+}
 78013 | Vaults:5 | Noticed Margery
 78040 | Vaults:5 | Identified the +3 mace of the Sky {holy, +Blink}
 78045 | Vaults:5 | Killed Margery
 78156 | Vaults:5 | Identified the +6 quarterstaff of Zogri Luma {vamp, rElec
                  | rPois Str+3 Stlth+}
 78571 | Vaults:5 | Killed a dread lich
 78744 | Vaults:5 | Got a silver rune of Zot
 78953 | Vaults:5 | Found the +3 pair of seven-league boots {Rampage+∞}
 78961 | Vaults:5 | Identified the +0 short sword of Kurasixt {freeze, MP+9}
 79241 | Vaults:5 | Found Seruad's Antique Weapon Shoppe.
 79592 | Snake:2  | Bought a ring of protection from fire for 375 gold pieces
 79998 | Zot:1    | Entered Level 1 of the Realm of Zot
 80075 | Zot:1    | Reached XP level 26. HP: 180/180 MP: 36/36
 80445 | Zot:2    | You are sucked into a shaft and drop 1 floor!
 80455 | Zot:3    | Noticed a Killer Klown
 80459 | Zot:3    | Killed a Killer Klown
 81128 | Zot:5    | Entered Level 5 of the Realm of Zot
 81149 | Zot:5    | Learned a level 3 spell: Passwall
 81286 | Zot:5    | Reached skill level 1 in Earth Magic
 81860 | Zot:5    | Noticed a dread lich
 81865 | Zot:5    | Killed a dread lich
 82635 | Zot:5    | Noticed a Killer Klown
 82640 | Zot:5    | Noticed an ancient lich
 82651 | Zot:5    | Killed an ancient lich
 82654 | Zot:5    | Killed a Killer Klown
 82690 | Zot:5    | Noticed a dread lich
 82696 | Zot:5    | Killed a dread lich
 82788 | Zot:5    | Noticed a Killer Klown
 82803 | Zot:5    | Killed a Killer Klown
 82804 | Zot:5    | Reached skill level 10 in Translocations
 82804 | Zot:5    | Reached XP level 27. HP: 186/186 MP: 36/36
 83102 | Zot:5    | Noticed an orb of fire
 83106 | Zot:5    | Killed an orb of fire
 83392 | Zot:5    | Reached skill level 5 in Earth Magic
 83708 | Zot:5    | Noticed an orb of fire
 83716 | Zot:5    | Killed an orb of fire
 83721 | Zot:5    | Noticed a dread lich
 83733 | Zot:5    | Killed a dread lich
 84958 | Zot:5    | Got the Orb of Zot
 85136 | Depths:4 | Noticed Otey the pandemonium lord
 85140 | Depths:4 | Killed Otey the pandemonium lord
 85340 | D:9      | Noticed Ockierphe the pandemonium lord
 85374 | D:7      | Reached skill level 10 in Air Magic
 85402 | D:6      | Noticed Xynlau Xoosch the pandemonium lord
 85506 | D:$      | Escaped with the Orb!

Illustrated notes

Levels and vault maps discovered:
D:1:      mrwooster_arrival_arrow, layout_basic, serial_shops, shop
D:2:      layout_basic, dilly_ecumenical_altar_fadedgnrine
D:3:      layout_loops_ring, serial_glass, glass_columns_c, glass_columns_c,
          nicolae_figureground_pulse, uniq_grinder, uniq_terence, uniq_jessica
D:4:      layout_cave_pools, minmay_temple_entry_mini_moons, uniq_pargi
D:5:      cheibrodos_two_vegetables, layout_loops_ring, kennysheep_slug_shrine
D:6:      layout_basic, serial_bayou_lagoon_b
D:7:      layout_layer_cave, serial_undead, serial_undead_e, serial_undead_f,
          serial_undead_e, serial_undead_a, uniq_crazy_yiuf_cottage
D:8:      layout_basic
D:9:      nzn_winding_woodlands_large [nzn_winding_woodlands_hourglass,
          nzn_winding_woodlands_5x15_default,
          nzn_winding_woodlands_5x5_open_star,
          nzn_winding_woodlands_center_diamonds,
          nzn_winding_woodlands_15x15_killbox,
          nzn_winding_woodlands_center_garden, nzn_winding_woodlands_5x5_three,
          nzn_winding_woodlands_5x15_jagged,
          nzn_winding_woodlands_5x5_checkerboard], layout_cave_pools,
          dpeg_lair_monsters, david_orc_5, enter_bailey_4
D:10:     layout_basic, kennysheep_potato
D:11:     hangedman_cross_cluster, layout_cave_pods, uniq_urug
D:12:     minmay_the_grid_triangle_9x9_rhombus_full
          [minmay_the_grid_triangle_9x9_longest,
          minmay_the_grid_triangle_9x9_swiss_cheese,
          minmay_the_grid_triangle_9x9_cache,
          minmay_the_grid_triangle_9x9_corrupted_corridor,
          minmay_the_grid_triangle_9x9_skeleton,
          minmay_the_grid_triangle_9x9_odd_lines,
          minmay_the_grid_triangle_9x9_checkered,
          minmay_the_grid_triangle_9x9_prize_top_heavy], layout_cave_pools
D:13:     minmay_chambers_of_sevens, layout_basic, grunt_vaults_entry_fortified,
          nicolae_trove_entry_crystal, serial_shops, shop
D:14:     kennysheep_large_spiral, layout_basic,
          hangedman_abyss_or_decor_passed, minivault_7
D:15:     gammafunk_depths_entry_grave, layout_grid_maze,
          minmay_misc_feat_encased, serial_shops,
          nicolae_shop_pleasant_corner_grove, minmay_misc_feat_secret_circle,
          serial_nicolae_subway, nicolae_sub_station_metal,
          nicolae_sub_station_crystal, nicolae_sub_station_stone, uniq_nessos,
          uniq_jorgrun, uniq_louise
Temple:   compressed_dpeg_triangle_lava_temple
Lair:1:   layout_hall_layers, chequers_serial_rivers_micro_d
Lair:2:   layout_loops_ring, swamp_mist, grunt_megastairs_3
Lair:3:   regret_index_bee_streams, layout_cave_pods,
          guppyfry_snake_entry_island, nicolae_volcano_entry_hallway
Lair:4:   layout_misc_corridors, minmay_slime_entry_pillars, st_stairs_4,
          lemuel_fruit_tree
Lair:5:   gammafunk_lair_ancient_temple, layout_regular_city, uniq_kirke
Swamp:1:  layout_falls_marsh, evilmike_swamp_ruin_rubble_1, swamp_pool_1_2,
          hangedman_swamp_diagram, nicolae_swamp_necromancy_gone_wrong
Swamp:2:  layout_basic_swamp, portal_ice_cave_entry_pillars_2,
          evilmike_swamp_ruin_house_3, swamp_pool_5, uniq_nikola
Swamp:3:  layout_basic_swamp, nicolae_swamp_little_swirl
Swamp:4:  swamp_icy, layout_basic_swamp, nicolae_swamp_tree_isthmus,
          uniq_mlioglotl
Snake:1:  layout_rooms, serial_shops, nicolae_shop_bloodbath_and_beyond,
          hangedman_snake_thin_pillar_pass, nicolae_snake_snakes_in_the_grass,
          serial_bayou_shore_b, serial_bayou_shore_b
Snake:2:  layout_rooms, serial_shops, shop, nrook_guardian_serpent_ordinary,
          minmay_shop_grove, uniq_aizul
Snake:3:  layout_onion_interference, nicolae_snake_gridmaze_spiral
Snake:4:  grunt_snake_rune_pools, layout_gridlike, serial_curves,
          eino_curves_03, eino_curves_03
Orc:1:    layout_caves, basic_altar
Orc:2:    grunt_orc_tribal_feast, layout_diamond_mine
Elf:1:    layout_geoelf_grid, hangedman_elf_disciples, minmay_elf_annihilation,
          minmay_shoptagon
Elf:2:    elven_hall_of_blades_hangedman_alternative [nicolae_blade_tridents],
          layout_loops_corners, serial_shops, nicolae_shop_behind_doors,
          nicolae_elf_w_pinch
Elf:3:    minmay_elf_hall_four_x, layout_gridlike, nicolae_elf_big_sculpture_2,
          minmay_misc_feat_diagonals, uniq_norris
Vaults:1: portal_desolation_entry_nicolae_slug, vaults_room_mumra_shop_pool,
          nicolae_vaults_tetromino_Z_1, nicolae_vaults_little_squares_6,
          grunt_vaults_diagonal, vaults_mumra_minichess_inversion,
          vaults_room_grunt_arrival_ludios,
          nicolae_vaults_shipping_containers_4, nicolae_vaults_rhombus_6,
          vaults_room_grid, layout_vaults_big_room
Vaults:2: ontoclasm_vaults_chip, nicolae_vaults_heart-shaped_vault,
          minmay_crypt_entry_simple_box, nicolae_vaults_diamond_1, v_misc_3,
          hangedman_vaults_stitches, ontoclasm_vaults_bender,
          nicolae_vaults_frosty_reception, layout_vaults_omnicross,
          serial_shops, statue_bzr
Vaults:3: hangedman_vaults_slice, v_alt_pattern_3,
          nicolae_vaults_fighting_squares, vaults_room_fancy_cross,
          nicolae_vaults_house_1, layout_vaults_omnigrid, serial_shops, shop
Vaults:4: v_misc_11, nicolae_vaults_three_branches,
          nicolae_vaults_trapezoid_lopsided_3, nicolae_vaults_sesquioval_fish,
          nicolae_vaults_tangram_2, hangedman_vaults_nails,
          nicolae_vaults_door_testing_chamber, vaults_room_pools,
          v_alt_pattern_2, layout_vaults_maze_snakey, serial_shops,
          bzr_entry_islet, uniq_frederick
Vaults:5: uniq_saint_roka, uniq_margery
Depths:1: minmay_crescents, layout_gridville, nicolae_ru_sacrificial_ziggurat,
          pf_dread_powers_of_hell, grunt_gozag_breadcrumbs
Depths:2: box_level_dp, hell_entry, pan_entry, abyss_entry
Depths:3: nicolae_cairo_tiling_large_dashed, layout_honeycomb, enter_ziggurat_f,
          abyss_entry, rand_demon_pan_entry_1, minmay_misc_feat_x,
          grunt_hell_entry_dis_mu
Depths:4: evilmike_zot_entry_castle, layout_cave_pools,
          ebering_ghost_inner_flame, chequers_serial_rivers_large_b, hell_entry,
          chequers_serial_rivers_small_3
Zot:1:    layout_gridlike, regret_index_zotdec_under_construction
Zot:2:    layout_misc_corridors
Zot:3:    layout_basic, grunt_megastairs_5
Zot:4:    layout_misc_corridors, regret_index_zotdec_silver_v_v_orig_slice,
          hangedman_zot_decor_slant
Zot:5:    layout_gridlike, kennysheep_underground_church

Skill      XL: |  1  2  3  4  5  6  7  8  9 10 11 12 13 14 15 16 17 18 19 20 21 22 23 24 25 26 27 |
---------------+----------------------------------------------------------------------------------+-----
Fighting       | 1 2 3 4 5 6 8 9 10 11 13 14 15 17 19 21 22 | 22.0
Dodging        | 1 2 4 7 10 12 16 17 18 19 20 | 20.4
Conjurations   | 1 2 3 4 |  4.0
Air Magic      | 1 2 3 4 7 8 10 | 10.0
Summonings     | 1 3 5 6 9 10 | 10.2
Spellcasting   | 3 4 5 7 9 |  9.0
Long Blades    | 3 6 |  6.5
Polearms       | 7 10 11 13 14 15 16 17 18 19 | 19.1
Invocations    | 4 5 7 9 10 | 10.0
Shields        | 7 10 12 13 14 15 17 18 19 | 19.0
Translocations | 5 6 8 10 | 10.0
Evocations     | 6 8 9 |  9.6
Shapeshifting  | 11 16 | 16.0
Earth Magic    | 3 6 |  6.0
Stealth        | |  4.0
Alchemy        | |  3.2

Action                     |  1- 3 |  4- 6 |  7- 9 | 10-12 | 13-15 | 16-18 | 19-21 | 22-24 | 25-27 || total
---------------------------+-------+-------+-------+-------+-------+-------+-------+-------+-------++-------
  Melee: Dagger            |    57 |    43 |    75 |       |       |       |       |       |       ||   175
         Constrict         |    14 |    14 |    24 |    21 |    62 |   117 |   138 |   111 |   130 ||   631
         Tentacles         |     9 |     8 |    24 |    36 |   139 |   201 |   319 |   414 |   396 ||  1546
         Quarterstaff      |       |       |    13 |    10 |       |       |       |       |       ||    23
         Falchion          |       |       |       |    47 |       |       |       |       |       ||    47
         Trident           |       |       |       |   175 |   697 |   275 |  1228 |   430 |       ||  2805
         Demon trident     |       |       |       |       |       |   661 |       |   985 |   973 ||  2619
         Unarmed           |       |       |       |       |       |       |       |     2 |       ||     2
  Throw: Dart              |       |       |       |     2 |     3 |     7 |       |     4 |       ||    16
         Throwing net      |       |       |       |       |     2 |       |       |       |       ||     2
   Cast: Sting             |    41 |    46 |    48 |     4 |       |       |       |       |       ||   139
         Mephitic Cloud    |       |     4 |    11 |    35 |    26 |    11 |       |       |       ||    87
         Call Canine Famil |       |       |    15 |    19 |     6 |       |       |       |       ||    40
         Call Imp          |       |       |    14 |    24 |     6 |       |       |       |       ||    44
         Apportation       |       |       |       |       |       |       |     1 |       |       ||     1
         Blink             |       |       |       |       |       |       |     1 |       |     2 ||     3
         Vhi's Electric Ch |       |       |       |       |       |       |       |       |     3 ||     3
 Invoke: Recall Ancestor   |       |       |     8 |    17 |    24 |    32 |    22 |    11 |    15 ||   129
         Ancestor Life: Ba |       |       |     1 |       |       |       |       |       |       ||     1
         Idealise          |       |       |       |       |     4 |     8 |     8 |     6 |    11 ||    37
  Evoke: Wand              |       |       |     5 |    27 |     1 |    17 |     5 |     7 |     5 ||    67
         Lightning rod     |       |       |       |       |       |       |     1 |       |       ||     1
         Phantom mirror    |       |       |       |       |       |       |       |     1 |       ||     1
         Sack of spiders   |       |       |       |       |       |       |       |       |     1 ||     1
    Use: Scroll            |       |     5 |     1 |     9 |    17 |     8 |    12 |    19 |    19 ||    90
         Potion            |       |       |       |     9 |       |     1 |     6 |     2 |     5 ||    23
   Stab: Sleeping          |    10 |     5 |     6 |     4 |    12 |    12 |    29 |    11 |     2 ||    91
         Confused          |       |       |     2 |    15 |    12 |     2 |       |       |       ||    31
         Distracted        |       |       |     1 |     4 |    21 |    31 |    77 |    78 |    38 ||   250
         Invisible         |       |       |       |       |       |     1 |     9 |       |    31 ||    41
         Held in net/web   |       |       |       |       |       |       |       |       |     1 ||     1
 Armour: Skin              |    12 |    11 |    38 |    83 |   105 |   136 |   118 |   130 |   193 ||   826
  Dodge: Dodged            |    47 |    19 |    84 |   176 |   234 |   299 |   400 |   567 |   653 ||  2479
  Block: Kite shield       |       |       |       |       |   196 |   283 |   607 |   879 |    20 ||  1985
         Tower shield      |       |       |       |       |       |       |       |       |  1546 ||  1546
   Form: Statue            |       |       |       |       |       |       |       |     1 |       ||     1

Table legend: (Time is in decaauts)
 A = Elapsed time spent in this place.
 B = Non-inter-level travel time spent in this place.
 C = Inter-level travel time spent in this place.
 D = Time resting spent in this place.
 E = Time spent auto-exploring this place.
 F = Levels seen in this place.
 G = Mean time per level.
                   A        B        C        D        E       F      G
               +--------+--------+--------+--------+--------+-----+--------+
         Total |  89312 |  81919 |   7393 |  30972 |  34100 |  53 | 1685.1 |
       Dungeon |  28309 |  25347 |   2962 |   9430 |  10981 |  15 | 1887.3 |
        Temple |     26 |      2 |     24 |      0 |      0 |   1 |   26.0 |
          Lair |   9178 |   8563 |    615 |   3305 |   3684 |   5 | 1835.6 |
         Swamp |   4181 |   4030 |    151 |   1589 |   1660 |   4 | 1045.2 |
     Snake Pit |   4651 |   4320 |    331 |    890 |   2649 |   4 | 1162.8 |
  Orcish Mines |   2610 |   2173 |    437 |   1041 |    830 |   2 | 1305.0 |
   Elven Halls |  14394 |  13607 |    787 |   8593 |   3029 |   3 | 4798.0 |
        Vaults |   6868 |   6144 |    724 |    390 |   3924 |   5 | 1373.6 |
        Depths |   7382 |   6579 |    803 |    631 |   4109 |   4 | 1845.5 |
           Zot |   7444 |   6888 |    556 |   2761 |   2448 |   5 | 1488.8 |
        Bazaar |    466 |    466 |      0 |      0 |    384 |   2 |  233.0 |
      Ice Cave |   1671 |   1671 |      0 |   1258 |    101 |   1 | 1671.0 |
       Volcano |    425 |    425 |      0 |    257 |      0 |   1 |  425.0 |
    Desolation |   1700 |   1700 |      0 |    822 |    301 |   1 | 1700.0 |
               +--------+--------+--------+--------+--------+-----+--------+

Top non-repeatable levels by time:
   Elf:3: 9453 daAuts
   Zot:5: 5662 daAuts
    D:11: 4855 daAuts
  Lair:3: 4114 daAuts
     D:9: 3273 daAuts
    D:14: 3219 daAuts
   Elf:2: 2866 daAuts
Depths:2: 2416 daAuts
     D:5: 2207 daAuts
    D:13: 2193 daAuts
   Orc:2: 2157 daAuts
  Lair:5: 2127 daAuts
Depths:3: 2087 daAuts
   Elf:1: 2073 daAuts
Vaults:5: 2015 daAuts
